 Dungeon Sprint DCSS version 0.18-a0-29-gce27f3c (console) character file.

2005 Kellhus the Slicer (level 9, -8/51 HPs)
             Began as a Vine Stalker Assassin on Nov 4, 2015.
             Was an Initiate of Ru.
             Mangled by a catoblepas (11 damage)
             ... in the Dungeon (Sprint IX: "|||||||||||||||||||||||||||||").
             The game lasted 00:02:53 (497 turns).

Kellhus the Slicer (Vine Stalker Assassin)           Turns: 497, Time: 00:02:54

Health: -8/51      AC:  3    Str: 15    XL:     9   Next: 22%
Magic:  0/10       EV:  2    Int: 14    God:    Ru [......]
Gold:   21         SH:  0    Dex: 18    Spells: 0 memorised, 8 levels left

rFire  . . .     SeeInvis .     v - +2 rapier (distort)
rCold  . . .     Clarity  .     c - +0 robe
rNeg   + + +     SustAt   .     (no shield)
rPois  ∞         Gourm    .     (no helmet)
rElec  .         Spirit   +     d - +0 cloak
rCorr  .         Warding  .     (no gloves)
rMut   .         NoTele   +     (no boots)
MR     +....                    (no amulet)
Stlth  ++++......               u - +3 ring of intelligence
                                t - +2 ring of evasion

@: petrified, somewhat resistant to hostile enchantments, stealthy
A: fangs 3, regeneration 2, magic shield, antimagic bite, no device heal 3, rot
immunity, disrupted magic 1
a: Renounce Religion


You were in the Dungeon.
You worshipped Ru.
Ru was noncommittal.
You were not hungry.

You visited 1 branch You collected 21 gold pieces.

Inventory:

Hand Weapons
 a - a +2 dagger
 b - a +0 blowgun
 r - the +2 halberd of Lehivuss {freeze, *Confuse Dex+5}
   (You found it in the Dungeon)

   It has been specially enchanted to freeze those struck by it, causing extra
   injury to most foes and up to half again as much damage against particularly
   susceptible opponents.
   It can also slow down cold-blooded creatures.
   It affects your dexterity (+5).
   It may confuse you when you take damage.
 v - a +2 rapier of distortion (weapon)
Missiles
 e - 8 poisoned needles
 f - 2 curare-tipped needles
Armour
 c - a +0 robe (worn)
 d - a +0 cloak (worn)
 s - a +0 pair of gloves
 D - a +2 ice dragon armour
Jewellery
 t - a +2 ring of evasion (left hand)
 u - a +3 ring of intelligence (right hand)
Wands
 q - a wand of cold (7)
Scrolls
 m - 2 scrolls of blinking
 o - 3 scrolls of remove curse
 p - 2 scrolls of amnesia
 A - 2 scrolls of enchant weapon
 B - 3 scrolls of recharging
 C - a scroll of fear
Potions
 h - 6 potions of curing
 i - a potion of heal wounds
 j - a potion of haste
 k - 4 potions of magic
 l - 2 potions of brilliance
 w - 3 potions of cure mutation
 x - a potion of berserk rage
Comestibles
 g - a bread ration
 z - a royal jelly


   Skills:
 + Level 8.1 Fighting
 - Level 14.2 Short Blades
 - Level 1.7 Throwing
 + Level 7.1 Dodging
 + Level 6.4 Stealth


You had 8 spell levels left.
You didn't know any spells.

Dungeon Overview and Level Annotations

Branches:
Dungeon (1/1)

Altars:
Cheibriados
Dithmenos
Elyvilon
Fedhas
Gozag
Kikubaaqudgha
Makhleb
Nemelex Xobeh
Okawaru
Qazlal
Ru
Sif Muna
Trog
Vehumet
Xom
Yredelemnul
Zin
The Shining One
Beogh
Jiyva
Lugonu


Innate Abilities, Weirdness & Mutations

You have razor-sharp teeth.
You heal very quickly.
When hurt, damage is shared between your health and your magic reserves.
Your bite disrupts and absorbs the magic of your enemies.
Potions and wands cannot restore your health.
You are immune to rotting.
Your casting is slightly disrupted.


Message History

Unknown command.
You are engulfed in calcifying dust.
Your limbs are stiffening.
Unknown command.
Unknown command.
You are engulfed in calcifying dust.
You have turned to stone.
The spiny frog croaks.
The spiny frog is engulfed in calcifying dust.
The spiny frog stops moving altogether!
The spiny frog is engulfed in calcifying dust.
The catoblepas gores you! The catoblepas gores you!!
* * * LOW HITPOINT WARNING * * *
The catoblepas gores you.
* * * LOW HITPOINT WARNING * * *
The catoblepas gores you.
* * * LOW HITPOINT WARNING * * *
The catoblepas gores you!!
* * * LOW HITPOINT WARNING * * *
The catoblepas gores you!!
You die...

▓▓▓▓▓▓▓▓▓▓▓▓▓▓▓▓▓▓▓▓▓▓▓▓▓▓▓
........'.†.†...@Y'FSYrlrl.
▓▓▓▓▓▓▓▓▓▓▓▓▓▓▓▓▓▓▓▓▓▓▓▓▓▓▓▓▓▓▓▓▓
.................................
▓▓▓▓▓▓▓▓▓▓▓▓▓▓▓▓▓▓▓▓▓▓▓▓▓▓▓▓▓▓▓▓▓
)...'_____________________'!.|).[
▓▓▓▓▓▓▓▓▓▓▓▓▓▓▓▓▓▓▓▓▓▓▓▓▓▓▓▓▓▓▓▓▓


You could see a catoblepas, a spiny frog (petrified), a water moccasin, a
wyvern, a porcupine and a sheep.

Vanquished Creatures
  A hill giant (D)
  A black mamba (D)
  3 hippogriffs (D)
  A wolf (D)
  A water moccasin (D)
  A wasp (D)
  A porcupine (D)
  A crocodile (D)
  A scorpion (D)
  A wight (D)
  2 hounds (D)
  3 worker ants (D)
  A river rat (D)
  An adder zombie (D)
  A worm (D)
  An adder skeleton (D)
  An orc (D)
  A bat (D)
  A bat skeleton (D)
  A hobgoblin (D)
  A jackal (D)
  2 kobolds (D)
28 creatures vanquished.

Vanquished Creatures (others)
  A two-headed ogre (D)
  A water moccasin (D)
2 creatures vanquished.

Grand Total: 30 creatures vanquished

Notes
Turn   | Place    | Note
--------------------------------------------------------------
     0 | D        | Kellhus the Vine Stalker Assassin began the quest for the Orb.
     0 | D        | Reached XP level 1. HP: 11/11 MP: 2/2
    33 | D        | Reached XP level 2. HP: 8/15 MP: 3/3
    62 | D        | Noticed a scorpion
    76 | D        | Reached skill level 6 in Short Blades
    76 | D        | Reached XP level 3. HP: 18/18 MP: 4/4
    82 | D        | Killed a scorpion
    82 | D        | Reached skill level 8 in Short Blades
    82 | D        | Reached XP level 4. HP: 23/23 MP: 5/5
   119 | D        | Found a glowing silver altar of Zin.
   119 | D        | Found a glowing golden altar of the Shining One.
   119 | D        | Found an ancient bone altar of Kikubaaqudgha.
   119 | D        | Found a basalt altar of Yredelemnul.
   119 | D        | Found a shimmering altar of Xom.
   119 | D        | Found a radiant altar of Vehumet.
   120 | D        | Found an iron altar of Okawaru.
   121 | D        | Found a burning altar of Makhleb.
   122 | D        | Found a deep blue altar of Sif Muna.
   123 | D        | Found a bloodstained altar of Trog.
   124 | D        | Found a sparkling altar of Nemelex Xobeh.
   125 | D        | Found a white marble altar of Elyvilon.
   126 | D        | Found a roughly hewn altar of Beogh.
   127 | D        | Found a viscous altar of Jiyva.
   128 | D        | Found a corrupted altar of Lugonu.
   129 | D        | Found a blossoming altar of Fedhas.
   130 | D        | Found a snail-covered altar of Cheibriados.
   131 | D        | Found a shadowy altar of Dithmenos.
   132 | D        | Found a stormy altar of Qazlal.
   133 | D        | Found an opulent altar of Gozag.
   134 | D        | Found a sacrificial altar of Ru.
   142 | D        | Became a worshipper of Ru the Awakened
   152 | D        | Got the +2 halberd of Lehivuss {freeze, *Confuse Dex+5}
   188 | D        | Noticed a two-headed ogre
   192 | D        | Reached skill level 9 in Short Blades
   192 | D        | Reached XP level 5. HP: 12/26 MP: 2/6
   196 | D        | Reached skill level 10 in Short Blades
   200 | D        | Reached skill level 11 in Short Blades
   200 | D        | Gained mutation: You heal very quickly. [Vine Stalker growth]
   200 | D        | Reached XP level 6. HP: 16/30 MP: 2/7
   205 | D        | Banished a two-headed ogre
   205 | D        | Reached skill level 12 in Short Blades
   249 | D        | Noticed a hippogriff
   249 | D        | Noticed a hill giant
   249 | D        | Noticed a trapdoor spider
   253 | D        | Killed a hippogriff
   253 | D        | Reached XP level 7. HP: 33/36 MP: 8/8
   261 | D        | Killed a hill giant
   261 | D        | Reached skill level 5 in Fighting
   261 | D        | Reached skill level 13 in Short Blades
   261 | D        | Gained mutation: You have razor-sharp teeth. [Vine Stalker growth]
   261 | D        | Reached XP level 8. HP: 39/44 MP: 9/9
   269 | D        | Reached skill level 5 in Dodging
   282 | D        | Gained mutation: Your casting is slightly disrupted. [Ru sacrifice]
   400 | D        | Noticed a komodo dragon
   415 | D        | Reached skill level 14 in Short Blades
   430 | D        | Reached XP level 9. HP: 36/50 MP: 8/10
   460 | D        | Noticed a black mamba
   460 | D        | Noticed a komodo dragon
   460 | D        | Noticed a spiny frog
   460 | D        | Noticed a catoblepas
   465 | D        | Killed a black mamba
   496 | D        | HP: 2/51 [catoblepas (7)]
   497 | D        | Mangled by a catoblepas

Vault maps used:
D:        linesprint

Action                   |  1- 3 |  4- 6 |  7- 9 || total
-------------------------+-------+-------+-------++-------
Melee: Dagger            |    44 |       |       ||    44
       Rapier            |       |    17 |    52 ||    69
Invok: Sacrifice Essence |       |       |     1 ||     1
  Use: Potion            |     1 |     1 |       ||     2
 Stab: Invisible         |       |       |     3 ||     3
       Sleeping          |       |       |     1 ||     1
       Petrified         |       |       |     2 ||     2
